Workbook

Sheet Додаток №1
C1: Додаток № 1 до законопроекту «Про внесення змін до Закону України «Про Державний бюджет України на 2019 рік (щодо заходів, спрямованих на погашення заборгованості, що утворилася на оптовому ринку електричної енергії)»
A3: Зміни до Додатка № 1 Закону України «Про Державний бюджет України на 2019 рік»
A5: "Доходи Державного бюджету України на 2019 рік"
A6: (тис. грн.)
A7: Код | B7: Найменування згідно з класифікацією доходів бюджету | C7: Всього | D7: Загальний фонд | E7: Спеціальний фонд
B8: Разом доходів: | C8: =D8+E8 -> 1.0305223e+09 | D8: =928498357.7-E15 -> 9.2849836e+08 | E8: =97623894.2+E12+E15+E16 -> 1.0202389e+08
B9: Всього доходів (без урахування міжбюджетних трансфертів) | C9: =D9+E9 -> 1.0237031e+09 | D9: =921679234-E15 -> 921679234 | E9: =97623894.2+E12+E15+E16 -> 1.0202389e+08
A10: 10000000 | B10: Податкові надходження | C10: =D10+E10 -> 8.6505928e+08 | D10: =807772899.4-E15 -> 8.077729e+08 | E10: =52886381.3+E12+E15+E16 -> 57286381
A11: 11000000 | B11: Податки на доходи, податки па прибуток, податки на збільшення ринкової вартості | C11: =D11+E11 -> 2.0307526e+08 | D11: 2.0167526e+08 | E11: =0+E12 -> 1400000
A12: 11020000 | B12: Податок на прибуток підприємств | C12: =D12+E12 -> 96920000 | D12: 95520000 | E12: 1400000
A13: 14000000 | B13: Внутрішні податки на товари та послуги | C13: =D13+E13 -> 568077466 | D13: =519789966-E15 -> 519789966 | E13: =45287500+E15+E16 -> 48287500
A14: 14020000 | B14: Акцизний податок з вироблених в Україні підакцизних товарів (продукції) | C14: =D14+E14 -> 85922861 | D14: =77342861-E15 -> 77342861 | E14: =8580000+E15 -> 8580000
A15: 14021300 | B15: Електрична енергія | C15: =D15+E15 -> 6221000 | D15: =6221000-E15 -> 6221000
A16: 14060000 | B16: Податок на додану вартість з вироблених в Україні товарів (робіт, послуг) з урахуванням бюджетного відшкодування | C16: =D16+E16 -> 97600000 | D16: =94600000 -> 94600000 | E16: 3000000

Sheet ПТ(Додаток№1)
A1: Порівняльна таблиця змін до Додатка № 1 Закону України «Про Державний бюджет України на 2019 рік»
K2: (тис. грн.)
A3: Код | B3: Найменування згідно з класифікацією доходів бюджету | C3: Затверджено | F3: Проект з урахуванням запропонованих змін | I3: Зміни, що пропонуються
C4: Всього | D4: Загальний фонд | E4: Спеціальний фонд | F4: Всього | G4: Загальний фонд | H4: Спеціальний фонд | I4: Всього | J4: Загальний фонд | K4: Спеціальний фонд
B5: Разом доходів: | C5: =SUM(D5:E5) -> 1.0261223e+09 | D5: 9.2849836e+08 | E5: 97623894 | F5: =SUM(G5:H5) -> 1.0305223e+09 | G5: ='Додаток №1'!D8 -> 9.2849836e+08 | H5: ='Додаток №1'!E8 -> 1.0202389e+08 | I5: =SUM(J5:K5) -> 4400000 | J5: =G5-D5 -> 0 | K5: =H5-E5 -> 4400000
B6: Всього доходів (без урахування міжбюджетних трансфертів) | C6: =SUM(D6:E6) -> 1.0193031e+09 | D6: 921679234 | E6: 97623894 | F6: =SUM(G6:H6) -> 1.0237031e+09 | G6: ='Додаток №1'!D9 -> 921679234 | H6: ='Додаток №1'!E9 -> 1.0202389e+08 | I6: =SUM(J6:K6) -> 4400000 | J6: =G6-D6 -> 0 | K6: =H6-E6 -> 4400000
A7: 10000000 | B7: Податкові надходження | C7: =SUM(D7:E7) -> 8.6065928e+08 | D7: 8.077729e+08 | E7: 52886381 | F7: =SUM(G7:H7) -> 8.6505928e+08 | G7: ='Додаток №1'!D10 -> 8.077729e+08 | H7: ='Додаток №1'!E10 -> 57286381 | I7: =J7+K7 -> 4400000 | J7: =G7-D7 -> 0 | K7: =H7-E7 -> 4400000
A8: 11000000 | B8: Податки на доходи, податки па прибуток, податки на збільшення ринкової вартості | C8: =SUM(D8:E8) -> 2.0167526e+08 | D8: 2.0167526e+08 | F8: =G8+H8 -> 2.0307526e+08 | G8: ='Додаток №1'!D11 -> 2.0167526e+08 | H8: ='Додаток №1'!E11 -> 1400000 | I8: =J8+K8 -> 1400000 | J8: =G8-D8 -> 0 | K8: =H8-E8 -> 1400000
A9: 11020000 | B9: Податок на прибуток підприємств | C9: =SUM(D9:E9) -> 95520000 | D9: 95520000 | F9: =G9+H9 -> 96920000 | G9: ='Додаток №1'!D12 -> 95520000 | H9: ='Додаток №1'!E12 -> 1400000 | I9: =SUM(J9:K9) -> 1400000 | J9: =G9-D9 -> 0 | K9: =H9-E9 -> 1400000
A10: 14000000 | B10: Внутрішні податки на товари та послуги | C10: =SUM(D10:E10) -> 565077466 | D10: 519789966 | E10: 45287500 | F10: =G10+H10 -> 568077466 | G10: ='Додаток №1'!D13 -> 519789966 | H10: ='Додаток №1'!E13 -> 48287500 | I10: =J10+K10 -> 3000000 | J10: =G10-D10 -> 0 | K10: =H10-E10 -> 3000000
A11: 14020000 | B11: Акцизний податок з вироблених в Україні підакцизних товарів (продукції) | C11: =SUM(D11:E11) -> 77342861 | D11: 77342861
A12: 14021300 | B12: Електрична енергія | C12: =SUM(D12:E12) -> 6221000 | D12: 6221000
A13: 14060000 | B13: Податок на додану вартість з вироблених в Україні товарів (робіт, послуг) з урахуванням бюджетного відшкодування | C13: =SUM(D13:E13) -> 94600000 | D13: 94600000 | F13: =G13+H13 -> 97600000 | G13: ='Додаток №1'!D16 -> 94600000 | H13: ='Додаток №1'!E16 -> 3000000 | I13: =SUM(J13:K13) -> 3000000 | J13: =G13-D13 -> 0 | K13: =H13-E13 -> 3000000

Sheet Додаток №2
C2: Додаток № 2 до законопроекту «Про внесення змін до Закону України «Про Державний бюджет України на 2019 рік (щодо заходів, спрямованих на погашення заборгованості, що утворилася на оптовому ринку електричної енергії)»
A3: Зміни до Додатка № 2 Закону України «Про Державний бюджет України на 2019 рік»
A4: Фінансування Державного бюджету України на 2019 рік
E5: (тис. грн.)
A6: Код | B6: Найменування згідно з класифікацією фінансування бюджету | C6: Всього | D6: Загальний фонд | E6: Спеціальний фонд
A7: Загальне фінансування | C7: =D7+E7 -> 90489320 | D7: =69617200+500000 -> 70117200 | E7: 20372120
A8: 400000 | B8: Фінансування за борговими операціями | C8: =D8+E8 -> 74178465 | D8: =52517200+500000 -> 53017200 | E8: 21161265
A9: 401000 | B9: Запозичення | C9: =D9+E9 -> 3.4642561e+08 | D9: =324764348.7+500000 -> 3.2526435e+08 | E9: 21161265
A10: 401100 | B10: Внутрішні запозичення | C10: =D10+E10 -> 2.0251935e+08 | D10: =202019348.7+500000 -> 2.0251935e+08 | E10: 0

Sheet ПТ(Додаток№2)
A1: Порівняльна таблиця змін до Додатка № 2 Закону України «Про Державний бюджет України на 2019 рік»
K2: (тис. грн.)
A3: Код | B3: Найменування згідно з класифікацією доходів бюджету | C3: Затверджено | F3: Проект з урахуванням запропонованих змін | I3: Зміни, що пропонуються
C4: Всього | D4: Загальний фонд | E4: Спеціальний фонд | F4: Всього | G4: Загальний фонд | H4: Спеціальний фонд | I4: Всього | J4: Загальний фонд | K4: Спеціальний фонд
A5: Загальне фінансування | C5: =D5+E5 -> 89989320 | D5: =69617200 -> 69617200 | E5: 20372120 | F5: =G5+H5 -> 90489320 | G5: =69617200+500000 -> 70117200 | H5: 20372120 | I5: =J5+K5 -> 500000 | J5: =G5-D5 -> 500000 | K5: =H5-E5 -> 0
A6: 400000 | B6: Фінансування за борговими операціями | C6: =D6+E6 -> 73678465 | D6: =52517200 -> 52517200 | E6: 21161265 | F6: =G6+H6 -> 74178465 | G6: =52517200+500000 -> 53017200 | H6: 21161265 | I6: =J6+K6 -> 500000 | J6: =G6-D6 -> 500000 | K6: =H6-E6 -> 0
A7: 401000 | B7: Запозичення | C7: =D7+E7 -> 3.4592561e+08 | D7: =324764348.7 -> 3.2476435e+08 | E7: 21161265 | F7: =G7+H7 -> 3.4642561e+08 | G7: =324764348.7+500000 -> 3.2526435e+08 | H7: 21161265 | I7: =J7+K7 -> 500000 | J7: =G7-D7 -> 500000 | K7: =H7-E7 -> 0
A8: 401100 | B8: Внутрішні запозичення | C8: =D8+E8 -> 2.0201935e+08 | D8: =202019348.7 -> 2.0201935e+08 | E8: 0 | F8: =G8+H8 -> 2.0251935e+08 | G8: =202019348.7+500000 -> 2.0251935e+08 | H8: 0 | I8: =J8+K8 -> 500000 | J8: =G8-D8 -> 500000 | K8: =H8-E8 -> 0

Sheet Додаток №3
L1: Додаток № 3 до законопроекту «Про внесення змін до Закону України «Про Державний бюджет України на 2019 рік (щодо заходів, спрямованих на погашення заборгованості, що утворилася на оптовому ринку електричної енергії)»
A3: Зміни до Додатка № 3 Закону України «Про Державний бюджет України на 2019 рік»
A5: "Розподіл видатків Державного бюджету України на 2019 рік"
N6: (тис. грн)
A7: Код програмної класифікації видатків та кредитування державного бюджету | B7: Код функціональної класифікації видатків та кредитування бюджету | C7: Найменування згідно з відомчою і програмною класифікаціями видатків та кредитування державного бюджету _x000D_ | D7: Загальний фонд | I7: Спеціальний фонд | N7: Разом:
D8: Всього_x000D_ | E8: _x000D_видатки споживання_x000D_ | F8: з них: | H8: видатки розвитку_x000D_ | I8: Всього_x000D_ | J8: _x000D_видатки споживання_x000D_ | K8: з них: | M8: _x000D_видатки розвитку_x000D_
F9: оплата_x000D_ праці_x000D_ | G9: комунальні_x000D_ послуги та_x000D_ енергоносії_x000D_ | K9: оплата_x000D_ праці_x000D_ | L9: комунальні_x000D_ послуги та_x000D_ енергоносії_x000D_
C10: Всього | D10: =1005767548.6-9557.3+D12+D14 -> 1.006258e+09 | E10: =914638762.8-9557.3+E12+E14 -> 9.1512921e+08 | F10: 1.6839473e+08 | G10: 8016938.3 | H10: 89628786 | I10: =106362449+I12+I14 -> 110762449 | J10: =53224087.8+J12+J14 -> 57624088 | K10: 5295850.3 | L10: 2064039.3 | M10: 53138361 | N10: =I10+D10 -> 1.1170204e+09
A11: 2760000 | C11: Міністерство регіонального розвитку, будівництва та житлово-комунального господарства України (загальнодержавні видатки та кредитування) | D11: =10417499.5+D12 -> 10667500 | E11: =13750+E12 -> 263750 | F11: 0 | G11: 0 | H11: 10403750 | I11: =J11+M11 -> 3700000 | J11: =J12 -> 1650000 | K11: 0 | L11: 0 | M11: 2050000 | N11: =D11+I11 -> 14367500
A12: 2761140 | B12: 180 | C12: Субвенція з державного бюджету обласному бюджету Донецької та Луганської областей на погашення заборгованості за електричну енергію підприємств водопостачання | D12: =SUM(E12,H12) -> 250000 | E12: 250000 | I12: =J12 -> 1650000 | J12: =1900000-E12 -> 1650000 | N12: =D12+I12 -> 1900000
A13: 1100000 | C13: Міністерство енергетики та вугільної промисловості України | D13: =2912531.3+D14 -> 3162531.3 | E13: =477252+E14 -> 727252 | F13: 138670.6 | G13: 4006.2 | H13: 2435279.3 | I13: =855560.5+I14 -> 3605560.5 | J13: =359435.5+J14 -> 3109435.5 | K13: 0 | L13: 0 | M13: 496125 | N13: =I13+D13 -> 6768091.8
A14: 1101570 | B14: 431 | C14: Субвенція з державного бюджету місцевим бюджетам на здійснення заходів щодо підтримки територій, що зазнали негативного впливу внаслідок збройного конфлікту на сході України | D14: =E14 -> 250000 | E14: =E12 -> 250000 | I14: =J14 -> 2750000 | J14: =3000000-E14 -> 2750000 | K14: 0 | L14: 0 | M14: 0 | N14: =I14+D14 -> 3000000

Sheet ПТ(Додаток№3)
A1: Порівняльна таблиця змін до Додатка № 3 Закону України «Про Державний бюджет України на 2019 рік»
L2: (тис. грн.)
A3: Код програмної класифікації видатків та кредитування державного бюджету | B3: Код функціональної класифікації видатків та кредитування бюджету | C3: Найменування | D3: Затверджено | G3: Проект з урахуванням запропонованих змін | J3: Зміни, що пропонуються
D4: Всього_x000D_ | E4: загальний фонд_x000D_ | F4: спеціальний фонд_x000D_ | G4: Bсього_x000D_ | H4: загальний фонд_x000D_ | I4: спеціальний фонд_x000D_ | J4: Всього | K4: загальний фонд_x000D_ | L4: спеціальний фонд_x000D_
C5: Всього | D5: =E5+F5 -> 1.1121204e+09 | E5: 1.005758e+09 | F5: 106362449 | G5: =H5+I5 -> 1.1170204e+09 | H5: ='Додаток №3'!D10 -> 1.006258e+09 | I5: ='Додаток №3'!I10 -> 110762449 | J5: =SUM(K5:L5) -> 4900000 | K5: =H5-E5 -> 500000 | L5: =L6+L8 -> 4400000
A6: 2760000 | C6: Міністерство регіонального розвитку, будівництва та житлово-комунального господарства України (загальнодержавні видатки та кредитування) | D6: =E6+F6 -> 12467500 | E6: 10417500 | F6: 2050000 | G6: =H6+I6 -> 14367500 | H6: ='Додаток №3'!D11 -> 10667500 | I6: ='Додаток №3'!I11 -> 3700000 | J6: =G6-D6 -> 1900000 | K6: =H6-E6 -> 250000 | L6: =I6-F6 -> 1650000
A7: 2761140 | B7: 180 | C7: Субвенція з державного бюджету обласному бюджету Донецької та Луганської областей на погашення заборгованості за електричну енергію підприємств водопостачання | G7: =H7+I7 -> 1900000 | H7: 250000 | I7: =1900000-H7 -> 1650000 | J7: =G7-D7 -> 1900000 | K7: =H7-E7 -> 250000 | L7: =I7-F7 -> 1650000
A8: 1100000 | C8: Міністерство енергетики та вугільної промисловості України | D8: =E8+F8 -> 3768091.8 | E8: 2912531.3 | F8: 855560.5 | G8: =H8+I8 -> 6768091.8 | H8: ='Додаток №3'!D13 -> 3162531.3 | I8: ='Додаток №3'!I13 -> 3605560.5 | J8: =G8-D8 -> 3000000 | K8: =H8-E8 -> 250000 | L8: =I8-F8 -> 2750000
A9: 1101570 | B9: 431 | C9: Субвенція з державного бюджету місцевим бюджетам на здійснення заходів щодо підтримки територій, що зазнали негативного впливу внаслідок збройного конфлікту на сході України | D9: =E9+F9 -> 0 | G9: =H9+I9 -> 3000000 | H9: =H7 -> 250000 | I9: =3000000-H9 -> 2750000 | J9: =G9-D9 -> 3000000 | K9: =H9-E9 -> 250000 | L9: =I9-F9 -> 2750000

Sheet Додаток №4
C1: Додаток № 4 до законопроекту «Про внесення змін до Закону України «Про Державний бюджет України на 2019 рік (щодо заходів, спрямованих на погашення заборгованості, що утворилася на оптовому ринку електричної енергії)»
A3: Зміни до додатка № 7 до Закону України "Про Державний бюджетУкраїни на 2019 рік"
A5: "Міжбюджетні трансферти (інші дотації та субвенції) з Державного бюджету України місцевим бюджетам на 2019 рік"
D6: (тис.грн.)
A7: Код бюджету | B7: Назва місцевого бюджету адміністративно-територіальної одиниці
D8: Субвенція спеціального фонду на:
D9: субвенцію з державного бюджету обласному бюджету Донецької та Луганської областей на погашення заборгованості за електричну енергію підприємств водопостачання
A10: 02100000000 | B10: Обласний бюджет Вінницької області
A11: 03100000000 | B11: Обласний бюджет Волинської області
A12: 04100000000 | B12: Обласний бюджет Дніпропетровської області
A13: 05100000000 | B13: Обласний бюджет Донецької області | D13: 1600000
A14: 06100000000 | B14: Обласний бюджет Житомирської області
A15: 07100000000 | B15: Обласний бюджет Закарпатської області
A16: 08100000000 | B16: Обласний бюджет Запорізької області
A17: 09100000000 | B17: Обласний бюджет Івано-Франківської області
A18: 10100000000 | B18: Обласний бюджет Київської області
A19: 11100000000 | B19: Обласний бюджет Кіровоградської області
A20: 12100000000 | B20: Обласний бюджет Луганської області | D20: 300000
A21: 13100000000 | B21: Обласний бюджет Львівської області
A22: 14100000000 | B22: Обласний бюджет Миколаївської області
A23: 15100000000 | B23: Обласний бюджет Одеської області
A24: 16100000000 | B24: Обласний бюджет Полтавської області
A25: 17100000000 | B25: Обласний бюджет Рівненської області
A26: 18100000000 | B26: Обласний бюджет Сумської області
A27: 19100000000 | B27: Обласний бюджет Тернопільської області
A28: 20100000000 | B28: Обласний бюджет Харківської області
A29: 21100000000 | B29: Обласний бюджет Херсонської області
A30: 22100000000 | B30: Обласний бюджет Хмельницької області
A31: 23100000000 | B31: Обласний бюджет Черкаської області
A32: 24100000000 | B32: Обласний бюджет Чернівецької області
... A35: 27000000000 | B35: Міський бюджет міста Севастополя
B36: ВСЬОГО | D36: =SUM(D10:D35) -> 1900000
C38: _______________________________

Sheet ПТ(Додаток№4)
A2: Порівняльна таблиця змін до додатка № 7 до Закону України "Про Державний бюджетУкраїни на 2019 рік"
A3: "Міжбюджетні трансферти (інші дотації та субвенції) з Державного бюджету України місцевим бюджетам на 2019 рік"
E4: (тис. грн.)
A5: Код бюджету | B5: Назва місцевого бюджету адміністративно-територіальної одиниці | C5: Затверджено | D5: Проект з урахуванням запропонованих змін | E5: Зміни, що пропонуються
C6: Субвенції з державного бюджету
C7: Субвенція спеціального фонду на: | D7: Субвенція спеціального фонду на:
C8: цію з державного бюджету обласному бюджету Донецької та Луганської областей на погашення заборгованості за електричну енергію підприємств водопостачання | D8: цію з державного бюджету обласному бюджету Донецької та Луганської областей на погашення заборгованості за електричну енергію підприємств водопостачання
A9: 02100000000 | B9: Обласний бюджет Вінницької області
A10: 03100000000 | B10: Обласний бюджет Волинської області
A11: 04100000000 | B11: Обласний бюджет Дніпропетровської області
A12: 05100000000 | B12: Обласний бюджет Донецької області | D12: 1600000 | E12: =E35 -> 1900000
A13: 06100000000 | B13: Обласний бюджет Житомирської області
A14: 07100000000 | B14: Обласний бюджет Закарпатської області
A15: 08100000000 | B15: Обласний бюджет Запорізької області
A16: 09100000000 | B16: Обласний бюджет Івано-Франківської області
A17: 10100000000 | B17: Обласний бюджет Київської області
A18: 11100000000 | B18: Обласний бюджет Кіровоградської області
A19: 12100000000 | B19: Обласний бюджет Луганської області | D19: 300000 | E19: =D19 -> 300000
A20: 13100000000 | B20: Обласний бюджет Львівської області
A21: 14100000000 | B21: Обласний бюджет Миколаївської області
A22: 15100000000 | B22: Обласний бюджет Одеської області
A23: 16100000000 | B23: Обласний бюджет Полтавської області
A24: 17100000000 | B24: Обласний бюджет Рівненської області
A25: 18100000000 | B25: Обласний бюджет Сумської області
A26: 19100000000 | B26: Обласний бюджет Тернопільської області
A27: 20100000000 | B27: Обласний бюджет Харківської області
A28: 21100000000 | B28: Обласний бюджет Херсонської області
A29: 22100000000 | B29: Обласний бюджет Хмельницької області
A30: 23100000000 | B30: Обласний бюджет Черкаської області
A31: 24100000000 | B31: Обласний бюджет Чернівецької області
... A34: 27000000000 | B34: Міський бюджет міста Севастополя
B35: ВСЬОГО | D35: 1900000 | E35: =D35 -> 1900000
